 Dungeon Crawl Stone Soup version 0.31-a0-202-g547052bce9 (webtiles) character file.

Game seed: 16126341597416913427

182 BubbleThief the Stinger (level 5, -3/42 HPs)
             Began as a Naga Venom Mage on June 26, 2023.
             Was a Follower of Vehumet.
             Slain by an iguana (10 damage)
             ... on level 4 of the Dungeon.
             The game lasted 00:03:54 (2099 turns).

BubbleThief the Stinger (Naga Venom Mage)           Turns: 2099, Time: 00:03:55

Health: -3/42      AC:  7    Str: 19    XL:     5   Next: 61%
Magic:  1/10       EV: 10    Int: 17    God:    Vehumet [*.....]
Gold:   74         SH:  0    Dex: 12    Spells: 3/11 levels left

rFire   + . .        q - +1 trident (venom)
rCold   + . .        (no shield)
rNeg    . . .        c - +2 robe {rF+}
rPois   +            d - +0 helmet
rElec   .            (no cloak)
rCorr   .            f - +1 pair of gloves {Str+3}
SInv    +            (no barding)
Will    .....        (no amulet)
Stlth   ++           h - +6 ring of strength
HPRegen 0.27/turn    t - ring of protection from cold
MPRegen 0.12/turn

%: no passive effects
@: short of breath, very slightly contaminated, very slow
A: AC +1, large, see invisible, deformed body, poison resistance, slowness 2,
spit poison 1, naga tail 1
a: Spit Poison, Renounce Religion


You were on level 4 of the Dungeon.
You worshipped Vehumet.
Vehumet was aware of your devotion.
You visited 1 branch of the dungeon, and saw 4 of its levels.

You collected 74 gold pieces.

Inventory:

Hand Weapons
 l - a +2 dagger of flaming
 p - a +4 dagger
 q - a +1 trident of venom (weapon)
Armour
 c - a +2 robe of fire resistance (worn)
 d - a +0 helmet (worn)
 f - a +1 pair of gloves of strength (worn)
Jewellery
 h - a +6 ring of strength (left hand)
 t - a ring of protection from cold (right hand)
Scrolls
 e - a scroll of vulnerability {unknown}
 g - 3 scrolls of teleportation {unknown}
 i - a scroll of noise {unknown}
 j - a scroll of fear {unknown}
 k - a scroll of torment {unknown}
 m - 3 scrolls of immolation {unknown}
 n - 2 scrolls of enchant weapon {unknown}
 o - 3 scrolls of identify {unknown}
Potions
 a - a potion of cancellation {unknown}
 b - 2 potions of magic
 r - a potion of might {unknown}
 s - 2 potions of curing {unknown}
 u - a potion of mutation {unknown}
 v - 2 potions of haste {unknown}


   Skills:
 - Level 1.5 Dodging
 - Level 3.0 Stealth
 + Level 3.9 Spellcasting
 - Level 1.0 Transmutations
 + Level 6.3 Poison Magic


You had 3 spell levels left.
You knew the following spells:

 Your Spells              Type           Power      Damage    Failure   Level
a - Sting                 Tmut/Pois      60%        1d6       3%          1
b - Mephitic Cloud        Conj/Pois/Air  10%        N/A       21%         3
c - Olgreb's Toxic Radia  Pois           25%        N/A       12%         4

Your spell library contained the following spells:

 Spells                   Type           Power      Damage    Failure   Level
 Magic Dart               Conj           12%        1d3       16%         1
 Poisonous Vapours        Pois/Air       28%        N/A       6%          2
 Tukima's Dance           Hex            3%         N/A       43%         3
 Passage of Golubria      Tloc           3%         N/A       85%         4
 Yara's Violent Unravell  Hex/Tmut       2%         3d3       98%         5


Dungeon Overview and Level Annotations

Branches:
Dungeon (4/15)
 Temple: D:4-7

Altars:
Vehumet


Innate Abilities, Weirdness & Mutations

Your serpentine skin is tough. (AC +1)
You have supernaturally acute eyesight. (SInv)
Armour fits poorly on your strangely shaped body.
Your system is resistant to poisons. (rPois)
You cover ground very slowly.
You can spit poison.
You have a snake-like lower body.


Message History

You are very lightly contaminated with residual magic.
Nothing appears to happen.
Your toxic aura wanes.
The iguana barely misses you.
Unknown command.
Unknown command.
Casting: Mephitic Cloud (quite dangerous; 22% risk of failure)
Confirm with . or Enter, or press ? or * to list all spells.
The spell is quite dangerous to miscast (22% risk of failure)!
Continue anyway?
Aiming: Mephitic Cloud (quite dangerous; 22% risk of failure)
Press: ? - help, Shift-Dir - straight line, f/p - iguana
Aim: an iguana (heavily wounded, very poisoned, chance to affect: 86%)
You miscast Mephitic Cloud.
Nothing appears to happen.
The iguana bites you!
Unknown command.
Unknown command.
You aren't carrying any items that you can evoke.
Aiming: Spit Poison (1% risk of failure)
Press: ? - help, Shift-Dir - straight line, f/p - iguana
Aim: an iguana (heavily wounded, very poisoned, 65% to hit)
The splash of poison misses the iguana.
The splash of poison hits the scorpion!
You kill the scorpion!
Vehumet accepts your kill. The iguana closely misses you.
The orc priest mumbles some strange prayers to Beogh against you.
Beogh smites you!
* * * LOW HITPOINT WARNING * * *
Your Poison Magic skill increases to level 6!
Unknown command.
You don't have enough magic to cast this spell.
You don't have enough magic to cast this spell.
Unknown command.
You barely miss the iguana.
The iguana is severely wounded.
The iguana barely misses you.
Unknown command.
You closely miss the iguana.
The iguana is severely wounded.
The orc priest looks more healthy.
The iguana completely misses you. The iguana bites you!
You die...

....# #...#...# ....#
#.......# .
....#######.#.....## .#
.......[....#.##...##.
##'#.......<#.####....
#.##########...<#..##
#.......# ######..##
#....##.#########...##..
#.##.##........@l†o....#
#.##.##.#.#######.#.##..
#.##.##.#.# .#
#.##.##.#.# .#
..##.†..#.# s#
..#.†...#.# .# +.....'.#
.# #.....### .# #.....#


You could see an iguana (poisoned) and an orc priest.

Vanquished Creatures
  A scorpion (D:4)
  Jessica (D:2)
  5 adders
  5 ball pythons
  7 bats
  3 endoplasms
  10 goblins
  5 hobgoblins
  3 jackals (D:3)
  2 quokkas
  4 kobolds
  6 rats
52 creatures vanquished.

Notes
Turn   | Place    | Note
-------+----------+-------------------------------------------
     0 | D:1      | BubbleThief the Naga Venom Mage began the quest for the
                  | Orb.
     0 | D:1      | Reached XP level 1. HP: 15/15 MP: 3/3
   170 | D:1      | Reached XP level 2. HP: 22/22 MP: 1/5
   606 | D:2      | Reached XP level 3. HP: 28/28 MP: 1/6
   711 | D:2      | Noticed Jessica
   714 | D:2      | Killed Jessica
   715 | D:2      | Reached skill level 5 in Poison Magic
   827 | D:2      | Reached XP level 4. HP: 36/36 MP: 5/8
  1607 | D:3      | Learned a level 3 spell: Mephitic Cloud
  1612 | D:3      | Learned a level 4 spell: Olgreb's Toxic Radiance
  1917 | D:3      | Found a faded altar of an unknown god.
  1995 | D:3      | Prayed at the altar of an unknown god.
  1995 | D:3      | Became a worshipper of Vehumet
  1995 | D:3      | Reached * piety under Vehumet
  1995 | D:3      | Offered knowledge of Magic Dart by Vehumet.
  2058 | D:4      | Reached XP level 5. HP: 42/42 MP: 8/10
  2098 | D:4      | Reached skill level 6 in Poison Magic
  2099 | D:4      | Slain by an iguana

Illustrated notes

Levels and vault maps discovered:
D:1:      minmay_arrival_radiant_lines, layout_basic, minmay_misc_feat_roman,
          minmay_pentomino_s2
D:2:      layout_basic, minmay_misc_feat_alley, uniq_jessica
D:3:      layout_rooms, shapermc_ecumenical_altar_mp_highgroup
D:4:      layout_basic

Skill      XL: |  1  2  3  4  5 |
---------------+----------------+-----
Spellcasting   | 3 |  3.9
Poison Magic   | 5 6 |  6.3
Dodging        | |  1.5
Stealth        | |  3.0
Transmutations | |  1.0

Action                     |  1- 3 |  4- 6 || total
---------------------------+-------+-------++-------
  Melee: Long sword        |     8 |       ||     8
         Dagger            |     1 |     2 ||     3
         Trident           |       |    17 ||    17
   Cast: Sting             |    22 |    19 ||    41
         Olgreb's Toxic Ra |       |     2 ||     2
Ability: Spit Poison       |    19 |    19 ||    38
   Stab: Sleeping          |       |     1 ||     1
 Armour: Robe              |     4 |     9 ||    13
  Dodge: Dodged            |    12 |    13 ||    25

Table legend: (Time is in decaauts)
 A = Elapsed time spent in this place.
 B = Non-inter-level travel time spent in this place.
 C = Inter-level travel time spent in this place.
 D = Time resting spent in this place.
 E = Time spent auto-exploring this place.
 F = Levels seen in this place.
 G = Mean time per level.
                   A        B        C        D        E       F      G
               +--------+--------+--------+--------+--------+-----+--------+
         Total |   2688 |   2634 |     54 |      0 |   2208 |   4 |  672.0 |
       Dungeon |   2688 |   2634 |     54 |      0 |   2208 |   4 |  672.0 |
               +--------+--------+--------+--------+--------+-----+--------+

Top non-repeatable levels by time:
     D:2: 1191 daAuts
     D:1: 746 daAuts
     D:3: 634 daAuts
     D:4: 116 daAuts
